 Dungeon Crawl Stone Soup version 0.28-b1-1-g3c77fb2ed1 (webtiles) character file.

Game seed: 4080882733167070807

19957 croobank the Thaumaturge (level 12, -4/52 HPs)
             Began as a Spriggan Hedge Wizard on Jan 30, 2022.
             Was an Elder of Hepliaklqana.
             Hit by a large rock thrown by a cyclops (12 damage)
             ... on level 2 of the Orcish Mines on Jan 31, 2022.
             The game lasted 02:01:25 (18926 turns).

croobank the Thaumaturge (Spriggan Hedge Wizard)   Turns: 18926, Time: 02:01:26

Health: -4/52      AC:  9    Str: 24    XL:     12   Next: 41%
Magic:  0/31       EV: 18    Int: 22    God:    Hepliaklqana [****..]
Gold:   940        SH:  0    Dex: 15    Spells: 13/40 levels left

rFire   . . .      SeeInvis +   a - +9 mace of Ceip {flame, Str+10}
rCold   . . .      Faith    .   (no shield)
rNeg    . . .      Spirit   +   t - +2 robe of Eternal Vigilance {Int+4}
rPois   .          Reflect  .   c - +2 hat
rElec   .          Harm     .   F - +2 cloak
rCorr   .          Rampage  .   (gloves unavailable)
Will    ++...                   (boots unavailable)
Stlth   +++.......              H - amulet of guardian spirit
HPRegen 0.17/turn               u - ring of wizardry
MPRegen 0.22/turn               m - +6 ring of strength

@: studying Unarmed Combat, very quick
A: reduced essence, very small, no large weapons, unfitting armour, see
invisible, speed 3
a: Renounce Religion, Recall Ancestor, Ancestor Identity, Transference, Idealise


You were on level 2 of the Orcish Mines.
You worshipped Hepliaklqana.
Hepliaklqana was greatly pleased with you.
You visited 2 branches of the dungeon, and saw 15 of its levels.
You also visited: Bailey.

You collected 940 gold pieces.

Inventory:

Hand Weapons
 a - the +9 mace of Ceip (weapon) {flame, Str+10}
   (You found it on level 6 of the Dungeon)

   It burns those it strikes, dealing additional fire damage.
   Str:       It affects your strength (+10).
 b - a +0 hunting sling
 f - a +2 hand axe
 i - a +3 quarterstaff of chaos
 A - a +3 short sword
 I - a +0 hand crossbow
 L - a +2 vorpal hand axe
 N - a +2 broad axe of draining
 R - a +2 vorpal flail
Missiles
 e - 233 stones
 g - 12 poisoned darts
 j - 204 arrows
 q - 3 boomerangs
 s - 90 bolts
 y - 53 sling bullets
 Q - 2 silver boomerangs
Armour
 c - a +2 hat (worn)
 t - the +2 robe of Eternal Vigilance (worn) {Int+4}
   (You found it on level 3 of the Dungeon)

   Int:       It affects your intelligence (+4).
 F - a +2 cloak (worn)
 K - a +0 troll leather armour
Jewellery
 d - a +6 ring of dexterity
 m - a +6 ring of strength (right hand)
 u - a ring of wizardry (left hand)
 H - an amulet of guardian spirit (around neck)
 S - a ring of protection from fire
Wands
 C - a wand of paralysis (7)
 J - a wand of polymorph (15)
 M - a wand of mindburst (7)
 V - a wand of acid (4)
Scrolls
 l - 3 scrolls of fear
 o - a scroll of teleportation
 z - a scroll of immolation
 B - a scroll of enchant armour
 E - 3 scrolls of identify
 G - a scroll of amnesia
 T - a scroll of holy word
 U - a scroll of fog
Potions
 h - 3 potions of resistance
 k - 4 potions of heal wounds
 n - 7 potions of curing
 p - 2 potions of attraction
 r - 2 potions of ambrosia
 v - 4 potions of lignification
 w - 2 potions of berserk rage
 x - a potion of flight
 D - a potion of mutation
 O - a potion of invisibility
 P - 2 potions of haste


   Skills:
 - Level 4.6 Fighting
 - Level 2.7 Short Blades
 + Level 7.9 Maces & Flails
 - Level 3.9 Dodging
 - Level 5.1 Stealth
 - Level 14.7 Spellcasting
 - Level 4.1 Conjurations
 + Level 1.2 Hexes
 - Level 1.8 Summonings
 - Level 1.6 Translocations
 + Level 0.3 Ice Magic
 - Level 3.1 Air Magic
 - Level 6.9 Earth Magic
 - Level 4.4 Poison Magic


You had 13 spell levels left.
You knew the following spells:

 Your Spells              Type           Power      Damage    Failure   Level
a - Magic Dart            Conj           100%       1d8       1%          1
b - Blink                 Tloc           46%        N/A       1%          2
c - Slow                  Hex            84%        N/A       1%          1
d - Call Imp              Summ           24%        N/A       1%          2
e - Mephitic Cloud        Conj/Pois/Air  33%        N/A       1%          3
f - Stone Arrow           Conj/Erth      80%        3d12      1%          3
g - Sandblast             Erth           92%        2d19      1%          1
h - Passwall              Tmut/Erth      25%        N/A       1%          2
i - Conjure Flame         Conj/Fire      25%        6-21      1%          3
j - Swiftness             Air            30%        N/A       1%          3
k - Ensorcelled Hibernat  Hex/Ice        38%        N/A       1%          2
l - Olgreb's Toxic Radia  Pois           35%        N/A       2%          4

Your spell library contained the following spells:

 Spells                   Type           Power      Damage    Failure   Level
 Sting                    Tmut/Pois      100%       1d8       1%          1
 Poisonous Vapours        Pois/Air       66%        N/A       1%          2
 Confusing Touch          Hex            21%        N/A       2%          3
 Vampiric Draining        Necr           16%        2d7       4%          3


Dungeon Overview and Level Annotations

Branches:
Dungeon (13/15)            Temple (0/1) D:7            Lair (0/6) D:11
    Orc (2/2) D:11         Bailey (visited)
    Elf: Orc:2       Vaults: D:13-14

Altars:
Dithmenos
Hepliaklqana
Nemelex Xobeh
Okawaru
Vehumet
Yredelemnul
The Shining One

Shops:
D:8 =   Orc:2 [

Portals:
Bazaar: D:12


Innate Abilities, Weirdness & Mutations

Your life essence is reduced to manifest your ancestor. (-10% HP)
You are very small and have problems with some larger weapons.
You are too small for most types of armour.
You have supernaturally acute eyesight. (SInv)
You cover ground extremely quickly. (Speed+++)


Message History

Casting: Stone Arrow (safe; 1% risk of failure)
Confirm with . or Enter, or press ? or * to list all spells.
Aiming: Mephitic Cloud (safe; 1% risk of failure)
Press: ? - help, Shift-Dir - straight line, f - orc priest
Aim: an orc priest, wielding a +0 club and wearing a +0 scale mail (chance to affect: 86%)
The ball explodes into a vile cloud!
The stinking cloud engulfs the orc priest but does no damage.
The orc priest is engulfed in noxious fumes.
The orc priest appears confused.
The orc priest is engulfed in noxious fumes.
The orc priest appears confused.
You see here a +0 hand axe.
The orc priest is engulfed in noxious fumes.
The orc priest appears confused.
The orc priest is engulfed in noxious fumes.
The orc priest appears confused.
Really walk into that cloud of noxious fumes? [Y]es or [N]o only, please.
Really walk into that cloud of noxious fumes?
Okay, then.
You catch the helpless orc priest completely off-guard!
You sock the orc priest! You burn the orc priest.
You kill the orc priest!
You start resting.
Magic restored.
You swap places.
Things that are here:
a +0 whip; an orc skeleton
There is a stone staircase leading down here.
You climb downwards.
The ettin closely misses you. The ettin misses you.
The cyclops throws a large rock.
The large rock hits Wigmund!!!
Wigmund is destroyed!
The ettin hits you with a +0 dire flail!
The ettin hits you with a +0 dire flail!!
There is a stone staircase leading up, spattered with blood here.
The ettin completely misses you.
The ettin hits you with a +0 dire flail!!
* * * LOW HITPOINT WARNING * * *
The cyclops throws a large rock.
The large rock hits you!!
You die...

.....##.#...$.....
..... ............
P....# .#...$.....
P....P##....#.....
P.................
.....P.#.^........
..........C.......
.∩......C$@.C.....
....P.............
....P.............
..................
..................
..................
...#....#.........
#.#....#.......$..


You could see an ettin and 2 cyclopes.

Vanquished Creatures
  Jorgrun (Orc:1)
  Snorg (D:10)
  2 vault guards (Bailey)
  A hydra (D:8)
  A boulder beetle (D:11)
  A death knight (D:11)
  A two-headed ogre (D:10)
  A tengu warrior (D:8)
  A cyclops (D:11)
  An ugly thing (D:8)
  Maurice (D:10)
  A kobold demonologist (D:9)
  An efreet (D:12)
  5 trolls
  A vampire (D:8)
  3 yaks (D:11)
  2 wyverns (D:8)
  2 humans (Bailey)
  A basilisk (D:11)
  A steam dragon (D:8)
  Grum (D:10)
  An acid dragon (D:11)
  2 water moccasins
  3 orc warriors
  A hornet zombie (D:6)
  4 ogres
  A sky beast (D:7)
  A necrophage (D:6)
  3 wolves (D:10)
  3 centaurs
  A phantom (D:7)
  4 scorpions
  4 bullfrogs
  A wyvern zombie (D:6)
  2 water moccasin skeletons (D:5)
  5 killer bees (D:8)
  2 wights (D:6)
  2 howler monkeys (D:9)
  7 centaur zombies
  3 bullfrog zombies (D:6)
  A human zombie (D:6)
  3 hounds
  2 jellies (D:7)
  Crazy Yiuf (D:6)
  5 orc priests
  4 centaur skeletons
  A gnoll shaman (D:8)
  A battlemage (D:11)
  4 orc wizards
  An iguana (D:5)
  An ancestor (D:8)
  2 hound skeletons (D:5)
  A mummy (D:6)
  5 gnolls (D:8)
  A howler monkey zombie (D:9)
  6 adders
  An ufetubus (D:7)
  An adder skeleton (D:4)
  3 worms
  2 dart slugs
  25 orcs
  12 endoplasms
  4 giant cockroaches
  21 goblins
  3 hobgoblins
  4 jackals (D:1)
  12 kobolds
  3 quokkas
  4 ball pythons
  3 bats
  3 frilled lizards
  9 rats
229 creatures vanquished.

Vanquished Creatures (collateral kills)
  2 two-headed ogres
  An ugly thing (D:13)
  A centaur zombie (D:10)
  Psyche (D:8)
  A kobold demonologist (D:9)
  2 trolls (D:11)
  Prince Ribbit (Bailey)
  A wraith (D:10)
  A wyvern (D:11)
  A yak (D:11)
  5 humans (Bailey)
  A basilisk (D:11)
  An orc warrior (D:10)
  An ice beast (D:7)
  An ogre (Orc:1)
  5 bullfrogs (Bailey)
  A killer bee (D:8)
  A howler monkey (D:9)
  A hound (D:5)
  An orc priest (Orc:1)
  An iguana (D:5)
  Robin (D:3)
  A worm (D:4)
  8 orcs
  2 hobgoblins (Bailey)
  A kobold (D:4)
  2 goblins (D:3)
46 creatures vanquished.

Vanquished Creatures (others)
  6 battlemagi
  3 ancestors (D:8)
  5 fungi (Orc:2)
14 creatures vanquished.

Grand Total: 289 creatures vanquished

Notes
Turn   | Place    | Note
-------+----------+-------------------------------------------
     0 | D:1      | croobank the Spriggan Hedge Wizard began the quest for the
                  | Orb.
     0 | D:1      | Reached XP level 1. HP: 9/9 MP: 6/6
   423 | D:1      | Reached XP level 2. HP: 13/13 MP: 5/8
   426 | D:1      | Learned a level 2 spell: Blink
   428 | D:1      | Learned a level 1 spell: Slow
  1568 | D:1      | Reached skill level 5 in Spellcasting
  1652 | D:1      | Reached XP level 3. HP: 16/16 MP: 4/10
  1655 | D:1      | Learned a level 2 spell: Call Imp
  1659 | D:1      | Learned a level 3 spell: Mephitic Cloud
  2828 | D:2      | Reached skill level 1 in Short Blades
  3543 | D:2      | Reached skill level 1 in Conjurations
  3676 | D:3      | Reached XP level 4. HP: 17/21 MP: 12/12
  4138 | D:3      | Identified the +2 robe of Eternal Vigilance {Int+4}
  4238 | D:3      | Learned a level 3 spell: Stone Arrow
  4374 | D:3      | Noticed a golden eye
  4376 | D:3      | Found a faded altar of an unknown god.
  4394 | D:3      | Noticed a floating eye
  4394 | D:3      | Noticed an eye of devastation
  4394 | D:3      | Noticed a great orb of eyes
  4640 | D:3      | Found a sparkling altar of Nemelex Xobeh.
  4691 | D:3      | Noticed Robin
  4746 | D:3      | Killed Robin
  4955 | D:4      | Reached XP level 5. HP: 23/25 MP: 9/13
  5422 | D:4      | Reached skill level 1 in Poison Magic
  6345 | D:4      | Learned a level 1 spell: Sandblast
  6869 | D:5      | Entered Level 5 of the Dungeon
  6962 | D:5      | Reached skill level 1 in Earth Magic
  6986 | D:5      | Reached skill level 1 in Air Magic
  6986 | D:5      | Reached XP level 6. HP: 24/29 MP: 1/14
  7099 | D:5      | Reached skill level 1 in Summonings
  7795 | D:5      | Reached XP level 7. HP: 32/32 MP: 5/15
  7968 | D:6      | Learned a level 2 spell: Passwall
  8090 | D:6      | Found a shadowy altar of Dithmenos.
  8149 | D:6      | Found an iron altar of Okawaru.
  8477 | D:6      | Identified the +9 mace of Ceip {flame, Str+10}
  8526 | D:6      | Found a hazy altar of Hepliaklqana.
  8529 | D:6      | Became a worshipper of Hepliaklqana the Forgotten
  8667 | D:6      | Found a runed translucent door.
  8668 | D:6      | Noticed Crazy Yiuf
  8697 | D:6      | Reached XP level 8. HP: 37/37 MP: 6/16
  9031 | D:6      | Reached skill level 5 in Earth Magic
  9195 | D:6      | Found a basalt altar of Yredelemnul.
  9344 | D:6      | Reached skill level 1 in Fighting
  9584 | D:6      | Reached skill level 5 in Stealth
  9734 | D:6      | Killed Crazy Yiuf
  9900 | D:7      | Reached skill level 1 in Maces & Flails
 10001 | D:7      | Found a staircase to the Ecumenical Temple.
 10181 | D:7      | Reached XP level 9. HP: 41/41 MP: 5/17
 10185 | D:7      | Learned a level 3 spell: Conjure Flame
 10326 | D:7      | Found a glowing golden altar of the Shining One.
 11108 | D:8      | Reached * piety under Hepliaklqana
 11307 | D:8      | Found Siluifas's Jewellery Shoppe.
 11364 | D:8      | Noticed a tengu warrior
 11376 | D:8      | Noticed Psyche
 11799 | D:8      | Killed Psyche
 11800 | D:8      | Reached skill level 6 in Spellcasting
 11807 | D:8      | Noticed a brown ugly thing
 11945 | D:8      | Reached skill level 7 in Spellcasting
 12239 | D:8      | Noticed a seven-headed hydra
 12532 | D:8      | Killed a brown ugly thing
 12533 | D:8      | Reached XP level 10. HP: 41/41 MP: 6/22
 12545 | D:8      | Reached skill level 8 in Spellcasting
 12690 | D:8      | Killed a seven-headed hydra
 12773 | D:8      | Killed a tengu warrior
 12774 | D:8      | Reached skill level 9 in Spellcasting
 13653 | D:9      | Found a flagged portal.
 13653 | D:9      | Reached ** piety under Hepliaklqana
 13690 | Bailey   | Entered a bailey
 13692 | Bailey   | Remembered your ancestor Wigmund as a battlemage
 13700 | Bailey   | Reached skill level 10 in Spellcasting
 13805 | Bailey   | Reached skill level 11 in Spellcasting
 13841 | Bailey   | Noticed a vault guard
 13852 | Bailey   | Killed a vault guard
 14068 | Bailey   | Noticed Prince Ribbit
 14068 | Bailey   | Noticed a vault guard
 14072 | Bailey   | Killed Prince Ribbit
 14073 | Bailey   | Reached XP level 11. HP: 46/46 MP: 20/27
 14076 | Bailey   | Killed a vault guard
 14571 | D:9      | Reached skill level 5 in Maces & Flails
 14965 | D:9      | Reached skill level 12 in Spellcasting
 15107 | D:10     | Entered Level 10 of the Dungeon
 15144 | D:10     | Learned a level 3 spell: Swiftness
 15147 | D:10     | Learned a level 2 spell: Ensorcelled Hibernation
 15183 | D:10     | Noticed Maurice
 15189 | D:10     | Killed Maurice
 15451 | D:10     | Noticed a two-headed ogre
 15462 | D:10     | Killed a two-headed ogre
 15526 | D:10     | Noticed a two-headed ogre
 15539 | D:10     | Killed a two-headed ogre
 15556 | D:10     | Noticed Snorg
 15566 | D:10     | Killed Snorg
 15567 | D:10     | Reached skill level 13 in Spellcasting
 15837 | D:10     | Learned a level 4 spell: Olgreb's Toxic Radiance
 16084 | D:10     | Noticed Grum
 16096 | D:10     | Killed Grum
 16250 | D:11     | Found a staircase to the Orcish Mines.
 16256 | Orc:1    | Entered Level 1 of the Orcish Mines
 16297 | Orc:1    | Noticed Jorgrun
 16317 | Orc:1    | Killed Jorgrun
 16318 | Orc:1    | Reached skill level 14 in Spellcasting
 16614 | D:11     | Noticed a death knight
 16631 | D:11     | Killed a death knight
 16632 | D:11     | Reached XP level 12. HP: 42/52 MP: 19/31
 16766 | D:11     | Reached *** piety under Hepliaklqana
 16873 | D:11     | Found a staircase to the Lair.
 16885 | D:11     | Noticed a boulder beetle
 16930 | D:11     | Killed a boulder beetle
 17323 | D:11     | Noticed a two-headed ogre
 17331 | D:11     | Killed a two-headed ogre
 18210 | D:12     | Found a flickering gateway to a bazaar.
 18290 | D:13     | Reached skill level 1 in Hexes
 18296 | D:12     | Found a radiant altar of Vehumet.
 18661 | Orc:2    | Entered Level 2 of the Orcish Mines
 18661 | Orc:2    | Reached **** piety under Hepliaklqana
 18664 | Orc:2    | Noticed an ettin
 18667 | Orc:2    | Found Hiofargh's Antique Armour Emporium.
 18926 | Orc:2    | Hit by a large rock thrown by a cyclops

Illustrated notes

Levels and vault maps discovered:
D:1:      matt_arrival_refuge, layout_rooms, serial_co_window_serial,
          co_window_paths_b, co_window_paths_b, co_window_corner_a,
          co_window_of_opportunity_a, co_window_of_opportunity_a,
          co_window_corner_b, co_window_broadway_a, co_window_broadway_a,
          co_window_broadway_b, co_window_of_opportunity_c, co_window_4corner_b,
          glass_columns_a, glass_columns_a, glass_columns_b, glass_columns_a,
          glass_columns_a
D:2:      layout_loops_ring
D:3:      layout_rooms, mainiacjoe_overflow_cross_hatched,
          hellmonk_ecumenical_altar_watching_god, minivault_11, uniq_robin
D:4:      layout_layer_cave, hangedman_decor_push
D:5:      layout_rooms, st_stairs_7, serial_bayou_pond_e, serial_bayou_ford_a
D:6:      layout_basic, mainiacjoe_overflow_alcove_2,
          lemuel_mausoleum_altar_yredelemnul, mainiacjoe_overflow_tiny_flanked,
          kennysheep_mini, uniq_crazy_yiuf_cottage
D:7:      layout_loops_ring, nicolae_tso_swordbearing_angel,
          minmay_temple_entry_butterflies, kennysheep_generic_room_2
D:8:      layout_loops_ring, serial_shops, shop, kb_rosetta, uniq_psyche
D:9:      layout_roguey, enter_bailey_3
D:10:     layout_roguey, grunt_decor_arrowhead, uniq_snorg, uniq_maurice,
          uniq_grum
D:11:     layout_stronghold, david_lair_generic, orc_0_dummy,
          serial_co_window_serial, co_window_corner_a,
          co_window_of_opportunity_a, co_window_paths_a, co_window_paths_a,
          co_window_of_opportunity_a, co_window_broadway_b, co_window_2corner,
          co_window_cross_4, glass_columns_a, glass_columns_a, glass_columns_a,
          serial_bayou_pond_a
D:12:     layout_loops_cross, serial_shops, freezing_bzr, minmay_door_square,
          nicolae_vehumet_radiance
D:13:     layout_cave_pools, serial_park_tiny_1
Orc:1:    layout_caves, uniq_jorgrun, uniq_harold, uniq_sonja
Orc:2:    grunt_orc_gardens, layout_caves, grunt_orc_garden, grunt_orc_garden,
          grunt_orc_garden, grunt_orc_garden, basic_altar, serial_shops, shop,
          shop, nicolae_lakefront_shop, uniq_azrael

Skill      XL: |  1  2  3  4  5  6  7  8  9 10 11 12 |
---------------+-------------------------------------+-----
Spellcasting   | 5 7 11 14 | 14.7
Short Blades   | 1 2 |  2.7
Stealth        | 4 5 |  5.1
Conjurations   | 1 2 3 4 |  4.1
Dodging        | 3 |  3.9
Poison Magic   | 1 2 3 4 |  4.4
Earth Magic    | 1 2 4 6 |  6.9
Air Magic      | 1 2 3 |  3.1
Summonings     | 1 |  1.8
Fighting       | 1 2 3 4 |  4.6
Maces & Flails | 1 2 4 6 7 |  7.9
Hexes          | 1 |  1.2
Translocations | |  1.6
Ice Magic      | |  0.3

Action                   |  1- 3 |  4- 6 |  7- 9 | 10-12 || total
-------------------------+-------+-------+-------+-------++-------
Melee: Dagger            |    57 |       |       |       ||    57
       Short sword       |    70 |   108 |    11 |       ||   189
       Punch             |     1 |     2 |     3 |     3 ||     9
       Mace              |       |       |    56 |   160 ||   216
 Fire: Hunting sling     |       |     2 |       |       ||     2
 Cast: Magic Dart        |    82 |   115 |    52 |    23 ||   272
       Slow              |     1 |     4 |       |     3 ||     8
       Call Imp          |       |    14 |     2 |       ||    16
       Blink             |       |     1 |     2 |       ||     3
       Sandblast         |       |    36 |    19 |     3 ||    58
       Stone Arrow       |       |     2 |    73 |    70 ||   145
       Mephitic Cloud    |       |     2 |     9 |    45 ||    56
       Ensorcelled Hiber |       |       |       |     7 ||     7
       Olgreb's Toxic Ra |       |       |       |     8 ||     8
Invok: Recall Ancestor   |       |       |       |     6 ||     6
       Ancestor Life: Ba |       |       |       |     1 ||     1
Evoke: Wand              |       |       |       |     3 ||     3
  Use: Scroll            |     8 |     7 |     6 |    15 ||    36
       Potion            |       |       |       |     1 ||     1
 Stab: Sleeping          |     6 |       |     5 |     6 ||    17
       Distracted        |       |     1 |       |     1 ||     2
       Confused          |       |       |       |    11 ||    11
Armor: Robe              |    12 |    35 |    22 |    44 ||   113
Dodge: Dodged            |    92 |   122 |   100 |   131 ||   445
